 Dungeon Crawl Stone Soup version 0.21-a0-328-g6a5e2f3 (webtiles) character file.

8784 Hasart the Archer (level 11, -5/92 HPs)
             Began as a Centaur Hunter on Oct 1, 2017.
             Was an Elder of Okawaru.
             Killed from afar by an ice statue (31 damage)
             ... with a shard of ice
             ... in an ice cave.
             The game lasted 00:39:35 (13816 turns).

Hasart the Archer (Centaur Hunter)                 Turns: 13816, Time: 00:39:36

Health: -5/92      AC:  5    Str: 18    XL:     11   Next: 14%
Magic:  14/14      EV: 11    Int: 10    God:    Okawaru [****..]
Gold:   454        SH:  0    Dex: 10    Spells: 10/10 levels left

rFire    . . .     SeeInvis .   y - +2 spear (pierce)
rCold    . . .     Gourm    .   (no shield)
rNeg     . . .     Faith    .   s - +0 troll leather armour
rPois    .         Spirit   .   (helmet restricted)
rElec    .         Reflect  .   K - scarf {repulsion}
rCorr    .         Harm     .   (no gloves)
MR       .....                  (no barding)
Stlth    +.........             N - amulet of inaccuracy
HPRegen  0.65/turn              (no ring)
MPRegen  0.14/turn              (no ring)

@: repel missiles, very quick
A: antennae 1, hooves 3, deformed body, speed 2, mutation resistance 1, tough
skin 3
a: Heroism, Renounce Religion


You were in an ice cave.
You worshipped Okawaru.
Okawaru was greatly pleased with you.
You were not hungry.

You visited 2 branches of the dungeon, and saw 13 of its levels.
You also visited: Bailey and Ice Cave.

You collected 680 gold pieces.
You spent 226 gold pieces at shops.

Inventory:

Hand Weapons
 a - a +2 shortbow
 y - a +2 spear of piercing (weapon)
Armour
 s - a +0 troll leather armour (worn)
 u - a +1 cloak of magic resistance
 K - a scarf of repulsion (worn)
Jewellery
 g - an uncursed amulet of the gourmand
 L - an uncursed amulet of magic regeneration
 N - an amulet of inaccuracy (around neck)
Wands
 b - a wand of flame (23/48)
 i - a wand of paralysis (11/24)
 j - a wand of flame (14/48)
 t - a wand of flame (23/48)
 H - a wand of acid (10/15)
 J - a wand of iceblast (3/15)
Scrolls
 c - a scroll of enchant armour
 e - 5 scrolls of magic mapping
 h - 8 scrolls of identify
 l - a scroll of amnesia
 m - 5 scrolls of remove curse
 n - a scroll of fear
 o - 4 scrolls of noise
 v - 2 scrolls of blinking
 z - 3 scrolls of teleportation
 I - a scroll of recharging
Potions
 k - 4 potions of might
 p - 2 potions of brilliance
 r - 3 potions of heal wounds
 P - a potion of curing
Books
 M - a Young Poisoner's Handbook

   Spells                             Type                      Level
   a - Sting                          Conjuration/Poison           1
   b - Poisonous Vapours              Poison/Air                   2
   c - Mephitic Cloud                 Conjuration/Poison/Air       3
   d - Olgreb's Toxic Radiance        Poison                       4
   e - Venom Bolt                     Conjuration/Poison           5
Comestibles
 f - 8 bread rations
 q - 3 meat rations
 A - 2 royal jellies


   Skills:
 - Level 7.1 Fighting
 + Level 2.3 Polearms
 - Level 14.9 Bows
 - Level 5.0 Armour
 - Level 5.3 Dodging
 - Level 0.4 Stealth
 + Level 4.1 Invocations
 + Level 2.8 Evocations


You had 10 spell levels left.
You didn't know any spells.

Dungeon Overview and Level Annotations

Branches:
Dungeon (12/15)            Temple (1/1) D:6             Orc (0/2) D:9
   Lair: D:8-11

Altars:
Cheibriados
Dithmenos
Elyvilon
Fedhas
Gozag
Hepliaklqana
Makhleb
Nemelex Xobeh
Okawaru
Ru
Sif Muna
Trog
Uskayaw
Vehumet
Wu Jian
Xom
Yredelemnul
Zin
The Shining One

Shops:
D:5 *   D:8 ?

Annotations:
D:7 Goblin1989's ghost, novice GnNe
D:8 Slowdrip's ghost, novice TeSu
D:12 Frances IceCv exclusion: 2 ice statues


Innate Abilities, Weirdness & Mutations

You have hooves in place of feet.
Armour fits poorly on your strangely shaped body.
You cover ground very quickly.
You have extremely tough skin. (AC +3)
You have a pair of small antennae on your head.
You are somewhat resistant to further mutation.


Message History

The ice beast is severely wounded.
The ice beast hits you. The ice beast freezes you!
You hit the ice beast.
The ice beast is almost dead.
The ice beast barely misses you.
You barely miss the ice beast. Your kick misses the ice beast.
The ice beast is almost dead.
The ice beast hits you but does no damage.
You hit the ice beast but do no damage. You kick the ice beast.
The ice beast is almost dead.
The ice beast hits you. The ice beast freezes you!
You barely miss the ice beast. You kick the ice beast.
You kill the ice beast!
You start resting.
You are engulfed in freezing vapours.
* * * LOW HITPOINT WARNING * * *
Really walk into a travel-excluded area?
The ice statue gestures at you. The shard of ice hits you!
You die...

#### #### ####.#.##
#..## #### 8......##
....#####..####.......#
......##..§§##§.......#
∩.∩.......#§§§§.......#
.........###§§§.@....##
....##..## ###§......#
#..###### ##......#
#### 8......# ##.....##
#....## ##..## #...


You could see 2 ice statues.

Vanquished Creatures
  2 two-headed ogres
  A centaur zombie (D:12)
  3 trolls
  A hippogriff (D:11)
  Sigmund (D:3)
  A shadow (D:12)
  5 yaks (D:11)
  A steam dragon (D:8)
  4 hungry ghosts
  8 ogres
  A sky beast (D:9)
  3 orc warriors (D:9)
  A phantom (D:11)
  A necrophage (D:10)
  3 ice beasts
  3 centaurs
  6 big kobolds
  4 gnoll sergeants (D:9)
  2 bullfrogs
  A scorpion (D:9)
  A wyvern skeleton (D:12)
  15 killer bees
  4 wights (D:9)
  3 howler monkeys
  An electric eel (D:11)
  2 crimson imps
  A bullfrog zombie (D:11)
  6 hounds
  An orc priest (D:7)
  3 orc wizards
  Crazy Yiuf (D:3)
  3 iguanas
  7 worker ants
  A hound zombie (D:10)
  2 worker ant zombies (D:5)
  Robin (D:2)
  14 gnolls
  15 adders
  A shadow imp (D:6)
  4 white imps
  5 ufetubi (IceCv)
  2 adder zombies
  3 worms
  A dart slug (D:1)
  2 leopard geckos
  22 orcs
  3 giant cockroaches
  14 goblins
  8 hobgoblins
  13 jackals
  23 kobolds
  A quokka (D:8)
  A ball python (D:3)
  8 bats
  2 frilled lizards (D:2)
  A jackal skeleton (D:5)
  A jackal zombie (D:5)
  10 rats
258 creatures vanquished.

Vanquished Creatures (others)
  3 white imps (IceCv)
  4 ufetubi (IceCv)
  An orc (D:12)
8 creatures vanquished.

Grand Total: 266 creatures vanquished

Notes
Turn   | Place    | Note
-------+----------+-------------------------------------------
     0 | D:1      | Hasart the Centaur Hunter began the quest for the Orb.
     0 | D:1      | Reached XP level 1. HP: 17/17 MP: 1/1
    74 | D:1      | Reached XP level 2. HP: 22/24 MP: 2/2
    78 | D:1      | Reached skill level 6 in Bows
   665 | D:1      | Reached XP level 3. HP: 29/29 MP: 3/3
  1337 | D:2      | Reached skill level 7 in Bows
  1508 | D:2      | Reached XP level 4. HP: 29/36 MP: 4/4
  1914 | D:2      | Noticed Robin
  1924 | D:2      | Killed Robin
  2142 | D:2      | Reached skill level 8 in Bows
  2381 | D:3      | Found a runed door.
  2385 | D:3      | Noticed Crazy Yiuf
  2443 | D:3      | Killed Crazy Yiuf
  2593 | D:3      | Reached XP level 5. HP: 38/41 MP: 5/5
  2643 | D:3      | Found a bloodstained altar of Trog.
  2668 | D:3      | Noticed Sigmund
  2709 | D:3      | Killed Sigmund
  2709 | D:3      | Reached skill level 9 in Bows
  2709 | D:3      | Reached XP level 6. HP: 47/48 MP: 6/6
  2813 | D:3      | You fall through a shaft for 2 floors!
  2813 | D:5      | Entered Level 5 of the Dungeon
  2852 | D:4      | Reached skill level 10 in Bows
  3471 | D:4      | Reached XP level 7. HP: 55/55 MP: 7/7
  4579 | D:5      | Reached skill level 1 in Armour
  4582 | D:5      | Reached skill level 11 in Bows
  4699 | D:5      | Found Zootsyif's General Store.
  4704 | D:5      | Bought a scroll of teleportation for 42 gold pieces
  5101 | D:5      | Reached skill level 1 in Polearms
  5164 | D:5      | Reached XP level 8. HP: 63/63 MP: 8/8
  6074 | D:6      | Found a burning altar of Makhleb.
  6443 | D:6      | Reached skill level 12 in Bows
  6660 | D:6      | Found a staircase to the Ecumenical Temple.
  6667 | Temple   | Entered the Ecumenical Temple
  6773 | Temple   | Became a worshipper of Warmaster Okawaru
  6864 | D:6      | Found a shadowy altar of Dithmenos.
  7262 | D:7      | Noticed Goblin1989's ghost (novice GnNe)
  7337 | D:8      | Noticed Slowdrip's ghost (novice TeSu)
  7644 | D:8      | Found Xoxowol's Magic Scroll Emporium.
  7663 | D:8      | Bought a scroll of magic mapping for 56 gold pieces
  7663 | D:8      | Bought a scroll of identify for 32 gold pieces
  7663 | D:8      | Bought a scroll of remove curse for 48 gold pieces
  7663 | D:8      | Bought a scroll of teleportation for 48 gold pieces
  7919 | D:8      | Reached XP level 9. HP: 72/72 MP: 9/9
  8810 | D:9      | Reached * piety under Okawaru
  9136 | D:9      | Reached skill level 13 in Bows
  9494 | D:9      | Reached skill level 5 in Fighting
  9529 | D:9      | Found a bloodstained altar of Trog.
  9529 | D:9      | Found a sparkling altar of Nemelex Xobeh.
  9530 | D:9      | Found a sacrificial altar of Ru.
  9767 | D:9      | Noticed a troll
  9774 | D:9      | Killed a troll
  9774 | D:9      | Reached ** piety under Okawaru
  9812 | D:9      | Found a staircase to the Orcish Mines.
  9812 | D:9      | Noticed a troll
  9921 | D:9      | Killed a troll
  9972 | D:9      | Reached skill level 14 in Bows
  9972 | D:9      | Reached XP level 10. HP: 44/83 MP: 10/10
 10924 | D:9      | Reached skill level 1 in Invocations
 11016 | D:10     | Entered Level 10 of the Dungeon
 11098 | D:10     | Reached *** piety under Okawaru
 11358 | D:10     | Gained mutation: You are dopey. (Int -2) [potion of mutation]
 11358 | D:10     | Gained mutation: You are clumsy. (Dex -2) [potion of mutation]
 11358 | D:10     | Gained mutation: You have a pair of small antennae on your head. [potion of mutation]
 11359 | D:10     | Lost mutation: You are dopey. (Int -2) [potion of mutation]
 11359 | D:10     | Lost mutation: You are clumsy. (Dex -2) [potion of mutation]
 11359 | D:10     | Gained mutation: You are somewhat resistant to further mutation. [potion of mutation]
 11889 | D:10     | You fall through a shaft for 2 floors!
 11907 | D:12     | Reached skill level 1 in Evocations
 11949 | D:12     | Noticed a two-headed ogre
 11993 | D:12     | Killed a two-headed ogre
 11993 | D:12     | Reached **** piety under Okawaru
 12040 | D:12     | Found a flagged portal.
 12047 | Bailey   | Entered a bailey
 12090 | Bailey   | Noticed tidbits's ghost (novice GnSk)
 12374 | D:12     | Noticed Frances
 12470 | D:11     | Reached skill level 5 in Dodging
 12645 | D:11     | Received a gift from Okawaru
 12805 | D:11     | Reached XP level 11. HP: 32/91 MP: 13/13
 12965 | D:11     | Noticed a two-headed ogre
 12996 | D:11     | Killed a two-headed ogre
 12996 | D:11     | Reached skill level 5 in Armour
 13299 | D:11     | Found a frozen archway.
 13309 | IceCv    | Entered an ice cave
 13816 | IceCv    | Killed from afar by an ice statue

Vault maps used:
D:1:      dpeg_arrival_brainrot, serial_park_tiny_1
D:2:      uniq_robin
D:3:      first_bread, bloody_trog, uniq_crazy_yiuf_cottage, uniq_sigmund
D:5:      serial_shops, nicolae_shop_temple_entry_statues_fountains
D:6:      makhleb_heckhound_becter, minmay_temple_entry_junction,
          grunt_dithmenos_smoke_and_mirrors
D:7:      the_bakery
D:8:      serial_shops, shop, kennysheep_generic_room_15
D:9:      gammafunk_temple_overflow_claw,
          kennysheep_orc_monster_closet_entryway, palyth_stone_intersect
D:10:     basic_altar
D:11:     lair_entry_dummy, portal_ice_cave_entry_imps
D:12:     basic_altar, enter_bailey_2, minmay_protected_statue, uniq_frances
Temple:   dpeg_five_rooms_temple
Bailey:   bailey_polearm_1, bailey
IceCv:    ice_cave_small_demon

Skill      XL: |  1  2  3  4  5  6  7  8  9 10 11 |
---------------+----------------------------------+-----
Bows           | 6 7 8 9 10 11 12 14 | 14.9
Armour         | 1 2 3 4 5 |  5.0
Dodging        | 2 3 4 5 |  5.3
Fighting       | 3 4 5 6 7 |  7.1
Polearms       | 1 2 |  2.3
Invocations    | 3 4 |  4.1
Evocations     | 2 |  2.8
Stealth        | |  0.4

Action                   |  1- 3 |  4- 6 |  7- 9 | 10-12 || total
-------------------------+-------+-------+-------+-------++-------
Melee: Spear             |       |       |       |    94 ||    94
       Kick              |       |       |       |     7 ||     7
 Fire: Shortbow          |   130 |   176 |   554 |   473 ||  1333
Invok: Heroism           |       |       |       |     1 ||     1
Evoke: Wand              |       |       |     4 |     5 ||     9
  Use: Scroll            |       |       |     3 |    16 ||    19
       Potion            |       |       |     2 |    13 ||    15
  Eat: Chunk             |     1 |     4 |    12 |     8 ||    25
       Fruit             |       |       |     3 |     4 ||     7
       Royal jelly       |       |       |       |     2 ||     2
Armor: Leather armour    |    18 |    16 |    33 |    11 ||    78
       Troll leather arm |       |       |       |    68 ||    68
       Skin              |       |       |       |    17 ||    17
Dodge: Dodged            |    24 |    18 |    53 |   131 ||   226
       Deflected         |       |       |     2 |     3 ||     5

Table legend:
 A = Spawn XP
 B = Non-spawn XP
 C = Spawn XP percentage of total XP
 D = Spawn monster count
 E = Non-spawn monster count
 F = Spawn count percentage of total count
 G = Total turns spent on level
                    A         B        C        D         E        F      G
               +---------+---------+-------+---------+---------+-------+---------
         Total |       0 |   12549 |   0.0 |       0 |     259 |   0.0 | 13816
               +---------+---------+-------+---------+---------+-------+---------
           D:1 |       0 |      59 |   0.0 |       0 |      32 |   0.0 |  1318
           D:2 |       0 |      95 |   0.0 |       0 |      35 |   0.0 |  1045
           D:3 |       0 |     303 |   0.0 |       0 |      13 |   0.0 |   790
           D:4 |       0 |     463 |   0.0 |       0 |      18 |   0.0 |  1382
           D:5 |       0 |     774 |   0.0 |       0 |      18 |   0.0 |  1286
           D:6 |       0 |     532 |   0.0 |       0 |      15 |   0.0 |  1173
           D:7 |       0 |     195 |   0.0 |       0 |      13 |   0.0 |   792
           D:8 |       0 |     578 |   0.0 |       0 |       8 |   0.0 |   813
           D:9 |       0 |    3478 |   0.0 |       0 |      39 |   0.0 |  2236
          D:10 |       0 |    1063 |   0.0 |       0 |      17 |   0.0 |   873
          D:11 |       0 |    3233 |   0.0 |       0 |      32 |   0.0 |   874
          D:12 |       0 |    1714 |   0.0 |       0 |       8 |   0.0 |   403
        Bailey |       0 |       6 |   0.0 |       0 |       2 |   0.0 |   143
         IceCv |       0 |      56 |   0.0 |       0 |       9 |   0.0 |   507
               +---------+---------+-------+---------+---------+-------+---------
